 Dungeon Crawl Stone Soup version 0.26-a0-542-gbaa144ba5c (webtiles) character file.

Game seed: 2236356832958478776

(classic levelgen) 2 EnegeticOcto the Shield-Bearer (level 1, 0/20 HPs)
             Began as a Deep Dwarf Fighter on Aug 18, 2020.
             Slain by Sigmund
             ... wielding a cursed +0 scythe
              (8 damage)
             ... on level 2 of the Dungeon.
             The game lasted 00:00:25 (102 turns).

EnegeticOcto the Shield-Bearer (Deep Dwarf Fighter)  Turns: 102, Time: 00:00:25

Health: 0/20       AC:  6    Str: 19    XL:     1   Next: 25%
Magic:  1/1        EV:  7    Int:  8    God:
Gold:   10         SH:  0    Dex: 12    Spells: 0/0 levels left

rFire    . . .     SeeInvis .   a - +0 war axe
rCold    . . .     Faith    .   c - +0 kite shield
rNeg     . . .     Spirit   .   b - +0 scale mail
rPois    .         Reflect  .   (no helmet)
rElec    .         Harm     .   (no cloak)
rCorr    .                      (no gloves)
MR       .....                  (no boots)
Stlth    ..........             (no amulet)
HPRegen  0.00/turn              (no ring)
MPRegen  0.07/turn              (no ring)

@: confused, non-regenerating
A: damage resistance, heal wounds, sense surroundings 1, no regeneration
a: Heal Wounds


You were on level 2 of the Dungeon.
You visited 1 branch of the dungeon, and saw 2 of its levels.

You collected 10 gold pieces.

Inventory:

Hand Weapons
 a - a +0 war axe (weapon)
Armour
 b - a +0 scale mail (worn)
 c - a +0 kite shield (worn)
Scrolls
 e - a scroll of remove curse {unknown}
 f - a scroll of magic mapping {unknown}
 g - a scroll of amnesia {unknown}
Potions
 d - a potion of might {@q3 !q}


   Skills:
 - Level 2.6 Fighting
 + Level 2.4 Axes
 - Level 3.2 Armour
 - Level 3.2 Shields


You couldn't memorise any spells.
You didn't know any spells.
Your spell library was empty.

Dungeon Overview and Level Annotations

Branches:
Dungeon (2/15)

Altars:

Annotations:
D:2 Sigmund


Innate Abilities, Weirdness & Mutations

You are resistant to damage.
You can heal yourself by infusing magical energy.
You passively map a small area around you.
You do not regenerate.


Message History

Found a scroll labeled FIR XEYSHREF.
There is an open door here.
e - a scroll labeled INGEWU POIXT
f - a scroll labeled FIR XEYSHREF
(D) Dungeon
Where to? (? - help)
There is a stone staircase leading down here.
You climb downwards.
Found a ring mail.
There is a stone staircase leading up here.
Found 14 stones.
You see here 14 stones.
A kobold comes into view.
The kobold shouts!
Found a scroll labeled ASETOT LIGHITI.
You closely miss the kobold. The kobold hits you but does no damage.
You closely miss the kobold. You block the kobold's attack. x2
You hit the kobold.
You kill the kobold!
You see here a kobold corpse.
g - a scroll labeled ASETOT LIGHITI A bat comes into view.
A bat is nearby!
You miss the bat. You block the bat's attack. You block the bat's attack. x2
The bat barely misses you. The bat barely misses you.
The bat hits you but does no damage. You block the bat's attack. x2
You miss the bat. You block the bat's attack. The bat barely misses you.
You closely miss the bat. You block the bat's attack. x2
You barely miss the bat. The bat barely misses you. The bat closely misses you.
The bat barely misses you.
You closely miss the bat. The bat hits you but does no damage.
The bat hits you but does no damage. The bat misses you.
You closely miss the bat. The bat hits you but does no damage.
You block the bat's attack. The bat hits you but does no damage.
You block the bat's attack.
You miss the bat. The bat barely misses you. You block the bat's attack.
You closely miss the bat. The bat hits you but does no damage. x2
You block the bat's attack.
You miss the bat. The bat hits you but does no damage. x2
Your shield and scale mail prevent you from hitting the bat.
The bat hits you but does no damage. The bat barely misses you.
You hit the bat.
The bat is moderately wounded.
The bat hits you but does no damage. x2
You block the bat's attack. The bat hits you.
You closely miss the bat.
The bat is moderately wounded.
The bat barely misses you. You block the bat's attack.
The bat barely misses you.
Found a leather armour and a runed tourmaline ring.
Sigmund the Dreaded comes into view.
He is wielding a +0 scythe.
Sigmund shouts!
You block the bat's attack.
Sigmund screams, "You will never...
NEVER!!!"
You block Sigmund's attack.
You slash the bat!
You kill the bat!
Sigmund points at you and mumbles some strange words.
You are confused.
Sigmund hits you but does no damage.
You hit Sigmund.
Sigmund is moderately wounded.
Sigmund hits you with a cursed +0 scythe.
You bump into the rock wall.
You bump into the rock wall.
Sigmund hits you but does no damage.
You bump into the rock wall.
Sigmund hits you with a cursed +0 scythe.
You closely miss Sigmund.
Sigmund is moderately wounded.
Sigmund barely misses you.
You bump into the rock wall.
You feel less confused.
You feel much better. Sigmund casts a spell at you. The puff of flame hits you!
Your scale mail prevents you from hitting Sigmund.
Sigmund is moderately wounded.
Sigmund points at you and mumbles some strange words.
You are confused.
Sigmund completely misses you.
Okay, then.
You miss Sigmund.
Sigmund is moderately wounded.
Sigmund gestures at you while chanting.
You are more confused.
You bump into the rock wall.
Sigmund hits you with a cursed +0 scythe!
Sigmund flickers, as though insubstantial.
Sigmund gestures at you while chanting.
You are more confused.
You're too confused to move!
Sigmund hits you from afar with a cursed +0 scythe!
You die...

#.### #.#########
* ...# #.# * .. ,
, * #.####.# .. ,
, #....(.# *.## <
#.###### *.. , *
#†# *, .#* *
#.######.###.####
#........#..@[.=#
#.########@#.##.#
#.# #.#.# , *
#.##### #.#.. ,
#.....# #.#.##*
#####.# #.#.. *
#.# #.##. * * #.#
#.# . , #.# #.# ,
* #.# #.#


You could see Sigmund.

Vanquished Creatures
  A bat (D:2)
  A kobold (D:2)
2 creatures vanquished.

Notes
Turn   | Place    | Note
-------+----------+-------------------------------------------
     0 | D:1      | EnegeticOcto the Deep Dwarf Fighter began the quest for the
                  | Orb.
     0 | D:1      | Reached XP level 1. HP: 20/20 MP: 1/1
    86 | D:2      | Noticed Sigmund
   102 | D:2      | Slain by Sigmund

Illustrated notes

Levels and vault maps discovered:
D:1:      sevenhm_arrival_forest_fort_small_6, layout_basic,
          minmay_crystal_room, roderic_roman_lattice
D:2:      layout_loops_ring, chequers_ecumenical_altar_island, uniq_sigmund,
          uniq_robin

Action                   || total
-------------------------++-------
Melee: War axe           ||    20
 Abil: Heal Wounds       ||     1
Armor: Scale mail        ||    15
Dodge: Dodged            ||    13
Block: Kite shield       ||    18

Table legend: (Time is in decaauts)
 A = Elapsed time spent in this place.
 B = Non-inter-level travel time spent in this place.
 C = Inter-level travel time spent in this place.
 D = Time resting spent in this place.
 E = Time spent auto-exploring this place.
 F = Levels seen in this place.
 G = Mean time per level.
                   A        B        C        D        E       F      G
               +--------+--------+--------+--------+--------+-----+--------+
         Total |    111 |    106 |      5 |      0 |      0 |   2 |   55.5 |
       Dungeon |    111 |    106 |      5 |      0 |      0 |   2 |   55.5 |
               +--------+--------+--------+--------+--------+-----+--------+

Top non-repeatable levels by time:
     D:2: 88 daAuts
     D:1: 23 daAuts
